Unix NetHack Version 5.0.0-0 post-release - last build May 10 2026 23:12:36 (d1fa5d53e341ca933230fdaa984d921c805b60aa,branch:main).

Game began 2026-05-12 13:41:58, ended 2026-05-12 14:58:56.

Drastanta, lawful male human Samurai

                              --------
                            ---.|....|
                            |........|----------
                            |.-...-0.|.|.......|
                            |...-*.%...|.......|
                            |.-....|0..|.......|
                            |....-.--.-|...<.i.|
                            |..........|.....d.|
                            |.--...|.0.|......f|--
                            |..*.-.|---|......d@.|
                            ---....------------|.|
                              |...>^...........-.|
                              --------------------

Drastanta the Ninja    St:25 Dx:14 Co:18 In:8 Wi:8 Ch:11  Lawful
Dlvl:3  $:22 HP:0(54) Pw:21(21) AC:3  Xp:6 T:3202  Burdened

Latest messages:
 With great effort you move the boulder.
 You see here 13 rocks.
 With great effort you move the boulder.
 You see here 13 rocks.
 With great effort you move the boulder.
 With great effort you move the boulder.
 With great effort you move the boulder.
 The boulder suddenly rolls away from you!
 You hear a boulder fall.
 Click!  You trigger a rolling boulder trap!
 No boulder was released.
 This door is locked.
 Unlock it with your key? [ynq] (q) y
 You succeed in unlocking the door.
 The door opens.
 This door is locked.
 Unlock it with your key? [ynq] (q) y
 You succeed in unlocking the door.
 The door opens.
 A mysterious force prevents the tengu from teleporting!
 You begin bashing monsters with your yumi.
 You kill the gnome!
 You hit the wolf!
 The housecat bites!
 The wolf bites!
 You hit the housecat!
 The housecat bites!
 The wolf bites!
 You miss the housecat.
 The housecat just misses!
 The wolf bites!
 The housecat bites!
 You hit the wolf!
 The housecat bites!
 The wolf bites!
 The housecat bites!
 You hit the wolf!
 The housecat bites!
 A mysterious force prevents the tengu from teleporting!
 The wolf bites!
 Are you sure you want to pray? [yn] (n) y
 You begin praying to Amaterasu Omikami.
 The housecat bites!
 The wolf bites!
 You die...
 Do you want your possessions identified? [ynq] (y) y
 Do you want to see your attributes? [ynq] (y) y
 Do you want an account of creatures vanquished? [ynaq] (y) y
 Do you want to see your conduct and achievements? [ynq] (y) y
 Do you want to see the dungeon overview? [ynq] (y) y

Inventory:
 Coins    ('$')
  $ - 22 gold pieces
 Weapons  (')')
  d - 22 +0 ya (in quiver)
  c - a +0 yumi (weapon in right hand)
  a - a +0 katana (alternate weapon; not wielded)
  b - a +0 wakizashi
 Armor    ('[')
  h - an uncursed +0 pair of gauntlets of power (being worn)
  e - an uncursed rustproof +0 splint mail (being worn)
 Comestibles  ('%')
  k - an uncursed clove of garlic
  D - 3 uncursed fortune cookies
  j - 8 uncursed gunyoki
  q - 2 uncursed tripe rations
  S - 2 uncursed homemade tins of coyote meat
  M - an uncursed rotten tin of garter snake meat
 Scrolls  ('?')
  N - 2 uncursed scrolls of earth
  r - an uncursed scroll of enchant weapon
  t - a cursed scroll of gold detection
  E - an uncursed scroll of remove curse
  p - an uncursed scroll of taming
 Potions  ('!')
  i - an uncursed potion of enlightenment
  J - an uncursed potion of fruit juice
  z - 2 blessed potions of healing
  F - an uncursed potion of invisibility
  n - 3 uncursed potions of levitation
  x - an uncursed potion of oil
  y - an uncursed potion of restore ability
  l - 2 uncursed potions of sickness
  A - a potion of unholy water
 Rings    ('=')
  O - an uncursed +1 ring of adornment
  I - an uncursed ring of free action
  T - a cursed ring of polymorph
  g - an uncursed ring of polymorph control
  v - an uncursed ring of protection from shape changers
  L - a cursed ring of shock resistance
  P - a cursed ring of teleportation
 Wands    ('/')
  K - a wand of cancellation (0:7)
  u - a wand of create monster (0:14)
  U - a wand of polymorph (0:8)
  H - a wand of sleep (0:5)
  Q - a wand of speed monster (0:8)
  s - a wand of striking (0:0)
 Tools    ('(')
  f - an uncursed blindfold
  w - an uncursed skeleton key

Drastanta the Samurai's attributes:

Background:
 You were a Ninja, a level 6 male human Samurai.
 You were lawful, on a mission for Amaterasu Omikami
 who was opposed by Raijin (neutral) and Susanowo (chaotic).
 You were right-handed.
 You were in Sokoban, on level 3.
 You entered the dungeon 3202 turns ago.
 You had 381 experience points, 259 more were needed to attain level 7.

Basics:
 You had 0 out of 54 hit points.
 You had all 21 energy points (spell power).
 Your armor class was 3.
 Your wallet contained 22 zorkmids.
 Autopickup was off.

Final Characteristics:
 Your strength was 25 (base:17, innate limit:18/100).
 Your dexterity was 14 (limit:18).
 Your constitution was 18 (limit:18).
 Your intelligence was 8 (limit:18).
 Your wisdom was 8 (limit:18).
 Your charisma was 11 (limit:18).

Final Status:
 You weren't hungry.
 You were burdened; movement was slightly slowed.
 You were wielding a bow.
 You had basic skill with bow.

Final Attributes:
 You were piously aligned.
 You were telepathic.
 You were warded.
 You were fast.
 You were unlucky.
 You are dead.

Miscellaneous:
 You didn't encounter any bones levels.
 Total elapsed playing time was 1 hour, 14 minutes and 7 seconds.

Major events:
 Turn
    1: Drastanta the lawful male human Samurai entered the dungeon
  490: entered the Gnomish Mines
  687: attained the rank of Ronin (level 3)
 1745: entered Sokoban
 2523: attained the rank of Ninja (level 6)
 2699: completed 2nd Sokoban level
 3173: completed 3rd Sokoban level
 3202: killed by a wolf, while praying

You didn't know any spells.

Skills:
 Fighting Skills
   martial arts      [Basic]
   two weapon combat [Unskilled]
   riding            [Unskilled]
 Weapon Skills
   dagger            [Unskilled]
   knife             [Unskilled]
   short sword       [Basic]
   broadsword        [Unskilled]
   long sword        [Basic]
   two-handed sword  [Unskilled]
   saber             [Unskilled]
   flail             [Unskilled]
   quarterstaff      [Unskilled]
   polearms          [Unskilled]
   spear             [Unskilled]
   lance             [Unskilled]
   bow               [Basic]
   shuriken          [Unskilled]
 Spellcasting Skills
   attack spells     [Unskilled]
   divination spells [Unskilled]
   clerical spells   [Unskilled]

Voluntary challenges:
 Character rerolling was not enabled.
 You never genocided any monsters.
 You never polymorphed an object.
 You never changed form.
 You used no wishes.
 You violated the special Sokoban rules 5 times.
Achievements:
 You entered the Gnomish Mines.
 You attained the rank of Ronin.
 You entered Sokoban.
 You attained the rank of Ninja.

 The Dungeons of Doom: levels 1 to 7
    Level 1:
       A fountain.
    Level 2:
       Stairs down to The Gnomish Mines.
    Level 3:
       An altar, a fountain, a grave.
    Level 4:
       An altar.
    Level 5:
       Many fountains.
    Level 6:
       Stairs up to Sokoban, level 5.
    Level 7:
 The Gnomish Mines:
    Level 3:
 Sokoban: levels 5 up to 3
    Level 3: <- You were here.
       Solved.
       Final resting place for
          you, killed by a wolf, while praying.
    Level 4:
       Solved.
    Level 5:
       Unsolved.


Vanquished creatures:
  a giant beetle
  a blue jelly
  a raven
  a bugbear
  2 rock piercers
  a rock mole
  a fog cloud
  2 shriekers
  a gnome leader
  a kobold mummy
  2 elf zombies
  2 giant ants
  2 floating eyes
  2 homunculi
  2 rothes
  2 centipedes
  a dwarf zombie
  a wererat
  2 iguanas
  a hobgoblin
  3 giant rats
  a gnome
  a gnome zombie
  a gecko
  6 jackals
  2 kobolds
 10 grid bugs
  3 lichens
  a kobold zombie
  4 newts
61 creatures vanquished.

No species were genocided or became extinct.

Game over:
                       ----------
                      /          \
                     /    REST    \
                    /      IN      \
                   /     PEACE      \
                  /                  \
                  |    Drastanta     |
                  |      22 Au       |
                  | killed by a wolf |
                  |                  |
                  |                  |
                  |                  |
                  |       2026       |
                 *|     *  *  *      | *
        _________)/\\_//(\/(/\)/\//\/|_)_______

Sayonara Drastanta the Samurai...

You died in Sokoban on dungeon level 3 with 1854 points,
and 22 pieces of gold, after 3202 moves.
You were level 6 with a maximum of 54 hit points when you died.

